Map: Acropolis LE

Players

AGOElazer (Elazer) - Winner!

  • Race: Zerg Zerg
  • League: Master
  • Spawn Location: 5:00

LiquidTLO (TLO)

  • Race: Zerg Zerg
  • League: Master
  • Spawn Location: 11:00

Event: HomeStory Cup XX

VOD

Have the link to the VOD?

Description

Time

  • Played on: Nov. 21, 2019, 4:33 a.m.
  • Length: 7:36

All games in this series

Show
View Real Time Build Order
Export as new Build Order

AGOElazer Zerg - Winner!

Build Orders: Hatch First 

Get SALT Encoding   

  12  0:00  Drone  
  13  0:12  Overlord  
  13  0:17  Drone  
  14  0:30  Drone x2  
  16  0:47  Hatchery  
  15  0:50  Drone  
  15  0:54  Drone  
  17  0:58  Drone  
  18  1:08  Extractor  
  17  1:12  Spawning Pool  
  17  1:16  Drone  
  17  1:19  Drone  
  18  1:28  Drone  
  19  1:39  Drone  
  20  1:49  Drone  
  21  1:58  Queen  
  21  1:59  Queen  
  21  2:00  Drone, Overlord  
  26  2:09  Metabolic Boost  
  26  2:12  Zergling x2, Drone  
  28  2:21  Drone x2  
  30  2:31  Drone  
  31  2:39  Hatchery  
  31  2:40  Drone  
  31  2:43  Drone x2  
  33  2:47  Baneling Nest  
  32  2:53  Overlord  
  32  2:55  Drone  
  33  3:05  Drone x2  
  35  3:06  Overlord  
  35  3:07  Drone  
  36  3:15  Drone x2  
  36  3:16  Queen  
  36  3:17  Zergling x2  
  36  3:18  Zergling x2  
  42  3:21  Drone  
  42  3:25  Zergling x2  
  44  3:32  Drone x2, Evolution Chamber  
  44  3:37  Extractor  
  44  3:41  Drone x6  
  46  3:46  Drone  
  50  3:54  Drone x3  
  53  3:59  Zerg Missile Weapons Level 1  
  53  4:03  Drone  
  53  4:04  Drone  
  53  4:08  Lair  
  53  4:09  Overlord  
  58  4:10  Drone x3  
  58  4:16  Roach Warren  
  57  4:17  Drone  
  57  4:23  Overlord  
  58  4:28  Drone x7  
  64  4:36  Extractor  
  64  4:37  Extractor, Drone x2  
  64  4:41  Overlord  
  64  4:42  Overlord  
  64  4:44  Drone  
  65  4:46  Overlord  
  65  4:54  Drone  
  65  4:56  Overlord  
  65  4:58  Roach x3  
  72  5:02  Roach x5  
  82  5:08  Glial Reconstitution, Overlord  
  82  5:11  Queen x2  
  86  5:15  Overlord  
  86  5:17  Roach  
  86  5:18  Roach x3  
  86  5:19  Overlord  
  94  5:21  Roach  
  94  5:23  Roach  
  94  5:25  Roach  
  100  5:31  Roach x3  
  100  5:33  Queen  
  108  5:37  Overlord  
  108  5:42  Nydus Network  
  107  5:45  Overlord  
  107  5:46  Extractor  
  105  5:51  Queen, Roach x4  
  105  5:55  Overlord  
  115  5:59  Roach x2  
  115  6:02  Roach  
  123  6:08  Roach x3  
  129  6:15  Roach x3  
  133  6:18  Nydus Canal  
  133  6:22  Overlord  
  133  6:24  Roach x3  
  133  6:25  Queen  
  140  6:33  Nydus Canal  
  140  6:34  Roach x3  
  146  6:44  Roach x5  
  146  6:46  Roach  
  156  6:47  Queen  
  148  6:54  Roach x4  
  142  7:06  Roach  
  138  7:10  Overseer  
  138  7:12  Roach  
  138  7:17  Nydus Canal  
  138  7:22  Drone x3  
  139  7:34  Nydus Canal  
Show
View Real Time Build Order
Export as new Build Order

LiquidTLO Zerg 

Build Orders: Hatch First 

Get SALT Encoding   

  12  0:00  Drone  
  13  0:12  Overlord  
  13  0:17  Drone  
  14  0:23  Extractor  
  14  0:24  Drone  
  15  0:32  Drone  
  15  0:35  Drone  
  17  0:45  Drone  
  18  0:55  Hatchery  
  17  0:58  Drone  
  17  1:03  Extractor  
  17  1:13  Spawning Pool  
  17  1:16  Drone  
  17  1:19  Drone  
  18  1:28  Drone  
  19  1:38  Drone  
  20  1:50  Drone  
  21  1:57  Extractor  
  21  1:59  Queen  
  21  2:01  Overlord  
  23  2:04  Metabolic Boost  
  23  2:06  Queen  
  23  2:08  Drone  
  26  2:12  Drone  
  27  2:19  Drone  
  27  2:22  Drone  
  29  2:28  Drone  
  30  2:32  Drone  
  30  2:35  Hatchery  
  30  2:42  Queen  
  32  2:45  Zergling x2  
  32  2:47  Drone  
  34  2:51  Overlord  
  34  2:55  Drone  
  35  3:03  Drone, Baneling Nest  
  35  3:04  Drone  
  36  3:10  Drone x2  
  36  3:11  Drone  
  39  3:13  Zergling x2  
  39  3:15  Drone  
  39  3:17  Drone  
  42  3:20  Drone  
  42  3:25  Drone  
  44  3:27  Evolution Chamber  
  44  3:29  Overlord  
  44  3:31  Drone  
  44  3:36  Lair  
  44  3:39  Extractor, Zergling x2  
  44  3:47  Drone  
  44  3:50  Drone  
  44  3:51  Baneling  
  44  3:52  Drone  
  44  3:53  Drone  
  44  3:54  Zergling x2, Drone x2  
  50  3:57  Drone x2  
  50  4:00  Extractor x2, Drone  
  51  4:03  Zerg Melee Weapons Level 1  
  51  4:04  Drone  
  52  4:12  Roach Warren  
  52  4:13  Drone  
  52  4:14  Drone  
  52  4:15  Drone  
  54  4:18  Drone  
  54  4:19  Drone  
  54  4:21  Drone  
  54  4:24  Overlord  
  57  4:29  Overlord  
  57  4:30  Drone  
  57  4:34  Baneling  
  57  4:40  Spire  
  57  4:41  Drone  
  57  4:42  Zergling x6  
  57  4:43  Zergling x2  
  61  4:46  Drone x2  
  61  4:48  Drone  
  61  4:49  Drone  
  65  4:54  Drone  
  65  4:56  Drone  
  65  4:57  Drone  
  65  4:58  Drone  
  69  5:02  Extractor x2  
  69  5:03  Drone  
  69  5:04  Drone  
  69  5:05  Drone x2  
  71  5:07  Drone  
  71  5:11  Overlord  
  72  5:15  Overlord  
  72  5:16  Overlord  
  71  5:21  Overlord  
  71  5:24  Zergling x4  
  71  5:25  Overlord  
  71  5:27  Overlord  
  73  5:29  Overlord  
  73  5:30  Zergling x2, Overlord  
  73  5:32  Zergling x2  
  73  5:33  Zergling x2  
  73  5:35  Zergling x4  
  78  5:37  Zergling x2  
  78  5:38  Drone  
  78  5:39  Drone  
  78  5:41  Drone  
  82  5:43  Drone  
  82  5:45  Drone  
  82  5:47  Drone  
  85  5:53  Mutalisk x2  
  85  5:54  Mutalisk  
  85  5:56  Mutalisk  
  91  5:59  Mutalisk  
  91  6:01  Mutalisk  
  93  6:05  Mutalisk  
  93  6:06  Mutalisk  
  93  6:08  Mutalisk  
  93  6:11  Mutalisk  
  98  6:13  Mutalisk  
  98  6:15  Mutalisk  
  98  6:17  Zergling x2  
  98  6:18  Zergling x2  
  106  6:20  Mutalisk  
  106  6:25  Mutalisk  
  106  6:33  Mutalisk  
  106  6:36  Zergling x4  
  106  6:37  Zergling x16  
  106  6:39  Mutalisk  
  120  6:45  Mutalisk  
  113  6:49  Zergling x2  
  113  6:53  Mutalisk  
  106  6:57  Drone x2  
  101  7:03  Mutalisk  
  89  7:16  Zergling x2  
  89  7:17  Zergling x12  
  89  7:18  Zergling x2  
Tags
 
Add a new tag
Caveats
  • Supply blocks, unpowered buildings, or Contaminate may cause inaccurate times.
  • Supply counts are checked every 10 seconds.